Map: King's Cove LE

Players

Serral - Winner!

  • Race: Zerg Zerg
  • Spawn Location: 11:00

TIME (Oliveira)

  • Race: Terran Terran
  • Spawn Location: 5:00

Event: 2019 WCS Spring

VOD

Have the link to the VOD?

Description

Time

  • Played on: May 19, 2019, 9:16 a.m.
  • Length: 18:04

All games in this series

Show
View Real Time Build Order
Export as new Build Order

Serral Zerg - Winner!

Build Orders: Hatch First 

Get SALT Encoding   

  12  0:00  Drone  
  13  0:13  Overlord  
  13  0:18  Drone  
  14  0:31  Drone x2  
  16  0:49  Hatchery  
  15  0:53  Drone  
  15  0:57  Drone  
  17  1:00  Drone  
  18  1:11  Extractor  
  18  1:15  Spawning Pool  
  16  1:19  Drone  
  16  1:22  Drone  
  18  1:30  Drone  
  19  1:40  Drone  
  20  1:51  Overlord  
  20  2:02  Queen x2  
  20  2:03  Zergling x4  
  26  2:12  Drone x2  
  26  2:14  Metabolic Boost  
  28  2:24  Drone x2  
  30  2:37  Queen  
  30  2:40  Overlord  
  30  2:41  Drone  
  33  2:51  Zergling x2  
  33  2:58  Zergling x2  
  34  2:59  Drone x2  
  36  3:05  Drone x2  
  36  3:11  Drone x3  
  41  3:19  Extractor  
  40  3:21  Queen  
  40  3:25  Hatchery  
  42  3:29  Zergling x4  
  42  3:32  Overlord  
  44  3:41  Overlord  
  44  3:43  Overlord  
  44  3:50  Drone x2  
  44  3:51  Drone x5  
  51  3:56  Baneling Nest  
  51  3:57  Overlord  
  51  4:02  Queen  
  52  4:08  Lair  
  52  4:14  Zergling x6  
  52  4:16  Drone x2  
  57  4:18  Drone  
  57  4:20  Drone  
  57  4:22  Drone  
  60  4:30  Spore Crawler  
  60  4:31  Drone x2  
  61  4:34  Zergling x2, Spore Crawler  
  61  4:36  Drone x2  
  63  4:39  Queen  
  63  4:41  Baneling x2  
  63  4:43  Baneling  
  65  4:47  Zergling x2  
  65  4:48  Overlord  
  65  4:49  Drone  
  67  4:54  Zergling x4  
  67  4:57  Drone x3  
  67  4:58  Drone  
  67  4:59  Drone  
  74  5:02  Spore Crawler  
  73  5:07  Overseer  
  73  5:10  Drone x2  
  73  5:12  Drone x3  
  78  5:16  Overlord  
  78  5:19  Overseer  
  78  5:21  Queen  
  78  5:22  Queen  
  82  5:31  Overlord x2  
  82  5:40  Overlord  
  82  5:41  Drone x8  
  90  5:49  Queen  
  90  5:51  Zergling x4  
  90  5:52  Zergling x2  
  91  6:02  Extractor, Zergling x2, Spore Crawler  
  91  6:03  Extractor, Drone x2  
  91  6:09  Overlord  
  91  6:10  Drone x2  
  93  6:17  Extractor  
  93  6:18  Extractor  
  91  6:21  Evolution Chamber x2  
  89  6:27  Extractor  
  89  6:28  Drone x3  
  89  6:30  Drone x3  
  94  6:37  Hatchery  
  93  6:43  Centrifical Hooks  
  93  6:45  Drone x2  
  93  6:46  Drone x2  
  97  6:53  Zerg Melee Weapons Level 1, Zerg Ground Armor Level 1  
  97  6:55  Drone x3, Overlord  
  97  6:57  Zergling x6  
  103  7:01  Baneling x2  
  103  7:02  Baneling x5  
  103  7:06  Zergling x6  
  106  7:09  Overlord  
  106  7:13  Zergling x4  
  107  7:19  Drone  
  108  7:23  Baneling x4  
  108  7:26  Zergling x4  
  110  7:34  Hydralisk Den  
  110  7:36  Baneling x4  
  109  7:37  Zergling x20  
  109  7:43  Zergling x2  
  118  7:46  Zergling x2  
  118  7:48  Queen x3  
  123  7:56  Drone  
  121  7:58  Baneling x2  
  121  7:59  Zergling x2  
  121  8:00  Zergling x12  
  121  8:05  Overlord  
  126  8:06  Hatchery  
  126  8:12  Overlord  
  114  8:20  Overlord, Muscular Augments  
  114  8:25  Drone x3  
  114  8:26  Drone x5  
  120  8:31  Overlord  
  120  8:36  Infestation Pit  
  120  8:37  Drone x2  
  120  8:40  Baneling x4  
  121  8:43  Drone  
  121  8:46  Baneling x2  
  122  8:53  Drone x2  
  122  8:54  Drone  
  125  8:58  Zergling x4  
  125  8:59  Pneumatized Carapace  
  125  9:00  Zerg Melee Weapons Level 2, Zerg Ground Armor Level 2  
  127  9:08  Zergling x4, Hydralisk x6  
  127  9:09  Zergling x2  
  142  9:14  Hive  
  141  9:24  Hydralisk x5  
  140  9:28  Hatchery  
  149  9:31  Grooved Spines  
  149  9:37  Drone x4, Spore Crawler  
  149  9:38  Drone  
  153  9:43  Overlord x3  
  153  9:48  Extractor  
  153  9:51  Hydralisk x4  
  159  10:10  Zergling x8  
  159  10:13  Hydralisk x2  
  159  10:14  Zergling x12  
  172  10:25  Overseer x2  
  172  10:27  Viper x2, Adrenal Glands  
  172  10:28  Viper  
  181  10:30  Overlord x2  
  181  10:32  Overlord  
  181  10:34  Overlord  
  180  10:37  Overlord x2  
  180  10:43  Queen  
  180  10:45  Drone x2, Overlord  
  180  10:46  Drone  
  180  10:49  Hydralisk x2  
  189  10:50  Zergling x20  
  189  10:52  Overlord  
  195  11:00  Zergling x10  
  195  11:04  Baneling x4  
  195  11:13  Baneling x2  
  195  11:14  Hydralisk, Baneling x3  
  195  11:15  Zergling x2, Hydralisk  
  195  11:17  Overlord x2  
  200  11:20  Overlord  
  199  11:25  Zerg Ground Armor Level 3, Zerg Melee Weapons Level 3  
  199  11:30  Extractor  
  199  11:31  Ultralisk Cavern  
  197  11:34  Spore Crawler x2  
  197  11:36  Spore Crawler x3  
  197  11:37  Spore Crawler  
  197  11:38  Drone x3, Spore Crawler  
  193  11:42  Drone x3  
  193  11:46  Drone x2  
  198  11:52  Spire  
  197  11:54  Overlord  
  197  11:56  Hatchery  
  194  12:07  Extractor  
  193  12:09  Drone x3, Nydus Network  
  193  12:13  Zergling x2  
  193  12:14  Zergling x8  
  200  12:18  Chitinous Plating  
  200  12:21  Baneling x11  
  200  12:22  Baneling  
  198  12:29  Drone  
  196  12:33  Zergling x8  
  200  12:40  Nydus Network  
  187  12:50  Zergling x36  
  184  12:56  Hydralisk  
  184  12:57  Hydralisk x3  
  184  12:58  Zergling x16  
  184  13:19  Drone x4  
  188  13:21  Spore Crawler  
  188  13:22  Spore Crawler x2, Baneling x6  
  188  13:23  Spore Crawler, Baneling x11  
  184  13:31  Overseer  
  181  13:35  Viper x3  
  181  13:36  Anabolic Synthesis  
  181  13:37  Zergling x14  
  181  13:38  Zergling x4  
  181  13:40  Overseer  
  197  13:46  Zerg Flyer Weapons Level 1  
  197  13:47  Spire  
  195  13:58  Nydus Canal x2  
  183  14:04  Zergling x24  
  183  14:06  Overseer x2  
  183  14:09  Zergling x14  
  187  14:19  Nydus Canal x2  
  187  14:23  Zergling x18  
  191  14:29  Baneling x6  
  182  14:43  Hydralisk x3  
  182  14:44  Zergling x22  
  193  14:50  Hydralisk  
  193  14:51  Hydralisk x4  
  194  14:55  Nydus Canal x2  
  188  15:00  Hydralisk x2  
  188  15:02  Zerg Flyer Armor Level 1  
  182  15:17  Baneling x14  
  182  15:20  Nydus Canal x2  
  182  15:21  Zergling x24  
  187  15:23  Baneling x4  
  194  15:31  Zergling x10  
  198  15:39  Overlord x2  
  198  15:40  Drone x2  
  198  15:42  Hatchery  
  188  15:56  Zergling x34  
  186  16:00  Zergling x2  
  186  16:01  Baneling x9  
  186  16:02  Overseer  
  157  16:12  Zergling x12  
  159  16:22  Baneling x6  
  159  16:23  Baneling x26  
  159  16:24  Baneling  
  158  16:37  Ultralisk x2, Zergling x4  
  165  16:47  Ultralisk, Zergling x2  
  165  16:48  Zergling x2  
  165  16:53  Ultralisk, Zergling x6  
  165  16:55  Zergling x2  
  165  16:57  Zergling x6  
  165  16:59  Nydus Canal x2  
  165  17:01  Zergling x4  
  168  17:02  Zergling x2  
  168  17:03  Zergling x2  
  168  17:08  Zergling x10  
  174  17:10  Zergling x6  
  177  17:18  Nydus Canal x2  
  177  17:21  Ultralisk, Zergling x8  
  177  17:22  Zergling x2  
  184  17:28  Zergling x4  
  184  17:29  Zergling x10  
  187  17:32  Zergling x2  
  187  17:33  Zergling x6  
  186  17:41  Zergling x12  
  190  17:47  Zergling x2  
Show
View Real Time Build Order
Export as new Build Order

TIME Terran 

Build Orders: Hellion Opening, Reaper Expand 

Get SALT Encoding   

  12  0:00  SCV  
  13  0:12  SCV  
  14  0:18  Supply Depot  
  14  0:25  SCV  
  15  0:39  SCV  
  15  0:40  Barracks  
  16  0:44  Refinery  
  16  0:51  SCV  
  17  1:03  SCV  
  18  1:15  SCV  
  19  1:28  Reaper  
  19  1:29  Orbital Command  
  20  1:43  Command Center  
  20  1:53  Supply Depot  
  20  1:55  SCV  
  20  2:00  Marine  
  22  2:07  SCV  
  23  2:11  Factory  
  23  2:17  Refinery  
  23  2:19  SCV  
  24  2:23  Barracks Reactor  
  24  2:31  SCV  
  25  2:43  SCV  
  26  2:55  SCV  
  26  2:56  Orbital Command, Starport  
  27  3:04  Hellion x2  
  27  3:05  Marine  
  32  3:08  SCV  
  33  3:25  Hellion x2, SCV x2  
  39  3:29  Supply Depot  
  39  3:37  SCV, Fusion Core  
  39  3:40  SCV  
  41  3:41  Starport Tech Lab  
  41  3:44  Marine  
  42  3:51  Supply Depot  
  42  3:54  Hellion  
  45  3:58  Hellion  
  46  4:04  SCV  
  46  4:06  SCV  
  48  4:16  SCV  
  49  4:17  Supply Depot  
  49  4:18  SCV  
  50  4:25  Battlecruiser  
  50  4:28  SCV  
  50  4:30  Hellion x2, SCV  
  62  4:40  SCV  
  62  4:43  SCV  
  64  4:48  Command Center  
  64  4:51  Barracks Tech Lab  
  64  4:56  SCV  
  64  4:57  SCV  
  64  4:59  Supply Depot  
  66  5:02  Factory Reactor  
  66  5:08  SCV  
  66  5:10  Marine  
  66  5:11  Stimpack  
  66  5:12  SCV  
  69  5:14  Barracks  
  69  5:16  Supply Depot  
  69  5:17  Barracks  
  69  5:28  Marine  
  68  5:32  SCV  
  68  5:34  SCV  
  70  5:40  Starport Reactor  
  70  5:44  SCV  
  70  5:45  Marine  
  70  5:46  Engineering Bay x2  
  70  5:48  SCV  
  73  5:55  Siege Tank  
  73  5:56  Refinery x2  
  76  6:03  Marine  
  77  6:05  Marine x2  
  77  6:06  SCV  
  77  6:09  SCV  
  81  6:13  Orbital Command  
  79  6:19  Marine x2  
  79  6:21  Marine, SCV  
  79  6:25  SCV  
  84  6:27  Marine, Terran Infantry Armor Level 1, Terran Infantry Weapons Level 1  
  84  6:29  Medivac  
  84  6:30  Marine  
  88  6:34  Siege Tank  
  88  6:37  Marine  
  88  6:39  Marine x2  
  94  6:40  SCV  
  94  6:45  Marine  
  94  6:46  Medivac  
  98  6:47  Marine  
  98  6:48  Orbital Command  
  98  6:50  SCV  
  98  6:53  Barracks  
  98  6:54  Barracks  
  100  6:55  Marine  
  100  6:57  Supply Depot  
  101  7:03  Armory  
  101  7:10  Supply Depot  
  101  7:19  Marine x3, Siege Tank, SCV x2  
  101  7:21  SCV, Supply Depot  
  110  7:25  Marine, Combat Shield  
  111  7:31  SCV x2  
  111  7:33  SCV  
  114  7:37  Supply Depot  
  114  7:39  Marine  
  114  7:43  SCV x2  
  117  7:47  Marine  
  117  7:48  Marine  
  117  7:50  Marine x2  
  121  7:52  Siege Tank, Medivac x2  
  121  7:56  Marine x2  
  121  7:57  Marine  
  119  8:00  SCV  
  119  8:04  Orbital Command  
  108  8:11  Marine  
  108  8:12  Marine x2  
  85  8:13  SCV x2  
  85  8:17  Barracks Reactor  
  80  8:24  Barracks Reactor, Terran Infantry Weapons Level 2  
  80  8:25  SCV x2  
  79  8:29  SCV  
  79  8:31  Terran Infantry Armor Level 2  
  80  8:35  Marine  
  80  8:37  Marine, SCV  
  82  8:42  Marine x2  
  82  8:44  SCV  
  82  8:45  SCV  
  82  8:48  Siege Tank  
  89  8:49  SCV  
  89  8:51  Marine  
  91  8:55  Refinery  
  91  8:56  Refinery, SCV  
  91  8:57  Marine x2, SCV  
  91  8:59  Supply Depot  
  91  9:01  SCV  
  96  9:02  Marine  
  96  9:03  Marine x2  
  96  9:04  Marine x3  
  96  9:08  SCV  
  96  9:09  Marine, SCV  
  105  9:13  SCV  
  106  9:19  Marine  
  106  9:20  SCV  
  106  9:21  Siege Tank  
  106  9:23  Factory  
  112  9:25  SCV  
  112  9:26  Supply Depot  
  112  9:27  SCV  
  112  9:28  Terran Vehicle Weapons Level 1  
  116  9:37  Supply Depot  
  111  9:39  Marine, SCV, Supply Depot  
  111  9:40  Marine x2  
  111  9:41  Marine  
  111  9:44  Marine, Command Center  
  117  9:51  Sensor Tower  
  117  9:52  Marine x2  
  117  9:55  Marine  
  120  10:02  Marine  
  120  10:03  Marine  
  120  10:04  Siege Tank  
  125  10:08  Marine  
  125  10:09  Marine  
  125  10:10  Barracks x2, Liberator x2  
  125  10:11  Marine, Barracks  
  128  10:16  Drilling Claws, Factory Reactor  
  128  10:17  Marine  
  129  10:24  Marine  
  129  10:27  Marine  
  137  10:32  Marine x2  
  137  10:34  Marine  
  139  10:36  Siege Tank  
  139  10:37  SCV  
  139  10:38  SCV  
  144  10:47  Command Center  
  144  10:49  Terran Infantry Weapons Level 3  
  144  10:54  Terran Infantry Armor Level 3  
  142  11:04  Barracks Tech Lab x3  
  142  11:05  Widow Mine  
  142  11:07  Planetary Fortress  
  142  11:11  Ghost Academy  
  141  11:12  Siege Tank  
  144  11:21  Widow Mine  
  144  11:23  Sensor Tower  
  146  11:29  Viking x2  
  150  11:40  SCV x2  
  150  11:42  Refinery x2  
  150  11:43  Ghost x2  
  150  11:44  Ghost  
  158  11:47  Personal Cloaking  
  158  11:54  Command Center  
  158  12:00  Ghost  
  160  12:01  Marine x2, Viking  
  160  12:02  Marine  
  162  12:09  Marine x2  
  162  12:11  Widow Mine x2  
  168  12:18  Ghost x2  
  168  12:19  Marine  
  173  12:23  Marine, Command Center  
  165  12:30  Marine  
  166  12:37  Widow Mine  
  166  12:39  Supply Depot x3  
  166  12:40  Terran Ship Weapons Level 1  
  156  12:47  Marine x2  
  156  12:48  Marauder  
  156  12:49  Refinery  
  133  12:52  Marine  
  133  12:54  Ghost x2  
  133  12:55  Marine  
  138  12:59  Command Center  
  138  13:00  Marine  
  138  13:02  Widow Mine  
  138  13:03  Widow Mine  
  138  13:05  Liberator  
  143  13:06  Liberator  
  143  13:08  Ghost  
  143  13:09  Marine x2  
  143  13:11  SCV x2  
  144  13:13  SCV  
  144  13:19  Widow Mine  
  150  13:28  Orbital Command  
  150  13:29  Marine x2  
  152  13:36  Marine x2  
  152  13:38  Widow Mine  
  152  13:39  Widow Mine  
  152  13:40  SCV  
  161  13:43  Marine x2  
  161  13:50  Orbital Command  
  161  13:53  Marine x2  
  161  13:54  Missile Turret  
  161  13:55  Missile Turret  
  155  14:06  Ghost x2  
  155  14:07  Ghost x2  
  155  14:08  Widow Mine  
  164  14:11  Marine  
  164  14:15  Marine x2  
  165  14:17  SCV  
  165  14:18  Marine  
  165  14:20  Widow Mine  
  163  14:26  Marine  
  163  14:27  Marine  
  163  14:28  Marine x2  
  167  14:35  Marauder  
  167  14:38  Marine x2  
  175  14:45  Marine x2  
  162  14:51  Widow Mine  
  162  14:52  Widow Mine  
  157  14:54  Marine x2  
  157  14:56  Sensor Tower  
  157  14:58  Barracks x2  
  153  15:01  Widow Mine, Barracks, Marine, Ghost Academy  
  153  15:03  Planetary Fortress  
  151  15:17  Marine x4  
  151  15:18  Marine x2  
  151  15:19  Marine x2  
  159  15:25  Orbital Command  
  159  15:34  Marine  
  159  15:35  Supply Depot  
  160  15:39  Medivac x2  
  160  15:40  Widow Mine  
  160  15:41  Widow Mine  
  168  15:44  SCV  
  168  15:46  SCV  
  168  15:47  Marine x2  
  169  15:51  SCV  
  144  15:58  Marine x2, Liberator x2  
  144  16:04  Marine x3  
  128  16:06  Marine  
  128  16:07  Marine  
  128  16:08  Marine  
  128  16:10  SCV  
  122  16:15  Marine  
  122  16:16  Marine, Widow Mine x3  
  131  16:19  Barracks Tech Lab x3  
  131  16:22  Marine x2, Refinery  
  131  16:23  Refinery  
  132  16:32  Supply Depot  
  132  16:36  SCV  
  132  16:37  SCV  
  132  16:39  Ghost x3  
  138  16:41  Nuke  
  138  16:42  Marine  
  138  16:43  Orbital Command  
  126  16:57  Marine x2  
  126  16:59  Widow Mine x3, Marine x3  
  126  17:00  Sensor Tower  
  135  17:03  Supply Depot  
  135  17:04  Marine  
  135  17:07  Ghost  
  138  17:12  Marine  
  138  17:13  Marauder  
  138  17:15  Marine  
  139  17:20  Widow Mine  
  139  17:22  Siege Tank  
  143  17:29  SCV  
  141  17:31  Marine  
  141  17:32  Marine, Marauder  
  141  17:34  Marine  
  144  17:40  Marine, Marauder  
  144  17:43  Marine  
  147  17:45  Marine x2  
  147  17:46  Marine  
Tags
 
Add a new tag
Caveats
  • Supply blocks, unpowered buildings, or Contaminate may cause inaccurate times.
  • Supply counts are checked every 10 seconds.